 Dungeon Crawl Stone Soup version 0.32-a0-953-g508020473e (webtiles) character file.

Game seed: 7993079701841881112

91 Maxmaps the Cudgeller (level 4, 0/48 HPs)
             Began as an Oni Monk on Apr 16, 2024.
             Succumbed to an adder's poison
             ... on level 3 of the Dungeon.
             The game lasted 00:01:25 (1901 turns).

Maxmaps the Cudgeller (Oni Monk)                    Turns: 1901, Time: 00:01:25

Health: 0/48       AC:  4    Str: 14 (15) XL:     4   Next: 59%
Magic:  4/4        EV:  9    Int: 10 (13) God:
Gold:   127        SH:  5    Dex:  8 (11) Spells: 3/3 levels left

rFire   . . .        a - +0 mace
rCold   . . .        d - orb {light}
rNeg    . . .        b - +0 robe
rPois   .            (helmet restricted)
rElec   .            p - +0 cloak
rCorr   .            (gloves unavailable)
SInv    .            (boots unavailable)
Will    .....        f - amulet of reflection
Stlth   +            (no ring)
HPRegen 0.28/turn    (no ring)
MPRegen 0.09/turn

%: reflection
@: lethally poisoned (0 -> -2), glowing
A: large, unfitting armour, horns 1, tough skin 1, double potion healing,
drunken brawling
a: no special abilities


You were on level 3 of the Dungeon.
You visited 1 branch of the dungeon, and saw 3 of its levels.

You collected 127 gold pieces.

Inventory:

Hand Weapons
 a - a +0 mace (weapon)
Armour
 b - a +0 robe (worn)
 d - an orb of light (worn)
 p - a +0 cloak (worn)
Magical Staves
 k - a staff of conjuration
Jewellery
 f - an amulet of reflection (around neck)
Scrolls
 e - a scroll of teleportation {unknown}
 g - 2 scrolls of identify {unknown}
 l - a scroll of torment {unknown}
 o - a scroll of vulnerability {unknown}
 r - a scroll of poison {unknown}
 s - a scroll of enchant armour {unknown}
Potions
 c - a potion of ambrosia
 h - a potion of degeneration
 i - a potion of enlightenment {unknown}
 j - a potion of heal wounds
 m - a potion of invisibility {unknown}
 n - 2 potions of attraction {unknown}
 q - a potion of brilliance {unknown}
 t - a potion of might {unknown}
 u - a potion of mutation {unknown}


   Skills:
 - Level 4.0 Fighting
 + Level 5.2 Maces & Flails
 - Level 2.6 Dodging


You had 3 spell levels left.
You didn't know any spells.
Your spell library contained the following spells:

 Spells                   Type           Power      Damage    Failure   Level
 Kiss of Death            Conj/Necr      0%         2d5       36%         1
 Jinxbite                 Hex            0%         N/A       50%         2
 Confusing Touch          Hex            0%         N/A       75%         3
 Dispel Undead            Necr           0%         3d6       98%         4
 Yara's Violent Unravell  Hex/Alch       0%         3d3       100%        5
 Enfeeble                 Hex            0%         N/A       100%        7


Dungeon Overview and Level Annotations

Branches:
Dungeon (3/15)

Altars:


Innate Abilities, Weirdness & Mutations

You are too large for most types of armour.
You have a pair of small horns on your head.
You have tough skin. (AC +1)
You gain doubled healing and magic from potions.
Whenever you drink a healing potion, you attack all around you.


Message History

The adder is almost dead.
You feel very sick. The adder barely misses you. x2
You hit the adder but do no damage.
The adder is almost dead.
You feel sick. The adder bites you.
You are more poisoned.
The adder poisons you!
You hit the adder.
You kill the adder!
You feel very sick.
You hit the goblin.
The goblin is heavily wounded.
You feel very sick. The goblin hits you with a +0 club. The gnoll misses you.
Unknown command.
You hit the goblin.
You kill the goblin!
You feel sick.
The gnoll hits you from afar with a +0 spear.
You feel sick. The gnoll closely misses you.
The gnoll hits you with a +0 spear!
Things that are here:
a +0 club; a goblin corpse You barely miss the gnoll.
You feel sick. The gnoll closely misses you.
The gnoll hits you with a +0 spear.
* * * LOW HITPOINT WARNING * * *
You hit the gnoll. You headbutt the gnoll.
The gnoll is moderately wounded.
You feel sick.
The gnoll hits you from afar with a +0 spear.
* * * LOW HITPOINT WARNING * * *
The gnoll hits you but does no damage.
The gnoll hits you from afar with a +0 spear.
* * * LOW HITPOINT WARNING * * *
The gnoll hits you with a +0 spear!
* * * LOW HITPOINT WARNING * * *
You hit the gnoll. You headbutt the gnoll.
You kill the gnoll!
You die...

##.....gg.##....#
......5g..##....#
#?####....##########
#..g..........##...#
###g5.......#.##...#
#S##.##...#.##...#
#g##.........#...#
#)#########..#...# #@#
#......# #.# #.#...)#
.........##### #.#....#
.........#...####.##(..#
.........#........##....
.........#...##########.
.........##.###########.
.........##.............
....###.##############..


You could see 3 gnolls, a shadow imp and a ball python.

Vanquished Creatures
  4 adders
  A gnoll (D:3)
  A ribbon worm (D:3)
  A dart slug (D:1)
  An orc (D:3)
  6 bats
  6 endoplasms
  3 giant cockroaches
  3 goblins
  3 hobgoblins
  5 kobolds
  3 quokkas
  6 ball pythons
  A frilled lizard (D:3)
  2 rats (D:1)
46 creatures vanquished.

Notes
Turn   | Place    | Note
-------+----------+-------------------------------------------
     0 | D:1      | Maxmaps the Oni Monk began the quest for the Orb.
     0 | D:1      | Reached XP level 1. HP: 24/24 MP: 1/1
     3 | D:1      | Noticed an electric eel
     4 | D:1      | Noticed an electric eel
   101 | D:1      | Reached XP level 2. HP: 32/32 MP: 2/2
   298 | D:1      | Found a faded altar of an unknown god.
   506 | D:1      | Reached skill level 4 in Maces & Flails
   523 | D:1      | Reached XP level 3. HP: 39/39 MP: 3/3
  1229 | D:2      | Reached XP level 4. HP: 47/48 MP: 4/4
  1604 | D:3      | Reached skill level 5 in Maces & Flails
  1900 | D:3      | HP: 1/48 [gnoll/+0 spear (7)]
  1901 | D:3      | Succumbed to an adder's poison

Illustrated notes

Levels and vault maps discovered:
D:1:      arrival_aquarium_b, layout_basic,
          hellmonk_ecumenical_altar_pennies_from_heaven
D:2:      layout_loops_ring
D:3:      layout_basic

Skill      XL: |  1  2  3  4 |
---------------+-------------+-----
Maces & Flails | 4 5 |  5.2
Fighting       | |  4.0
Dodging        | |  2.6

Action                     |  1- 3 |  4- 6 || total
---------------------------+-------+-------++-------
  Melee: Mace              |    65 |    53 ||   118
         Headbutt          |    12 |    13 ||    25
    Use: Potion            |       |     2 ||     2
 Armour: Robe              |    43 |    43 ||    86
  Dodge: Dodged            |    29 |    42 ||    71

Table legend: (Time is in decaauts)
 A = Elapsed time spent in this place.
 B = Non-inter-level travel time spent in this place.
 C = Inter-level travel time spent in this place.
 D = Time resting spent in this place.
 E = Time spent auto-exploring this place.
 F = Levels seen in this place.
 G = Mean time per level.
                   A        B        C        D        E       F      G
               +--------+--------+--------+--------+--------+-----+--------+
         Total |   1922 |   1898 |     24 |      0 |   1566 |   3 |  640.7 |
       Dungeon |   1922 |   1898 |     24 |      0 |   1566 |   3 |  640.7 |
               +--------+--------+--------+--------+--------+-----+--------+

Top non-repeatable levels by time:
     D:1: 890 daAuts
     D:2: 681 daAuts
     D:3: 351 daAuts
